 Dungeon Crawl Stone Soup version 0.17-a0-1403-g9df874c (webtiles) character file.

456 urechis the Spear-Bearer (level 7, 0/50 HPs)
             Began as a Merfolk Gladiator on June 20, 2015.
             Succumbed to urechis's ghost's poison
             ... on level 3 of the Dungeon.
             The game lasted 00:05:46 (1980 turns).

urechis the Spear-Bearer (Merfolk Gladiator)        Turns: 1980, Time: 00:05:46

Health: 0/50       AC:  6    Str: 15    XL:     7   Next: 6%
Magic:  7/7        EV: 13    Int:  8    God:
Gold:   133        SH:  4    Dex: 16    Spells: 0 memorised, 6 levels left

rFire  . . .     SeeInvis .     a - +0 trident
rCold  . . .     Clarity  .     b - +0 leather armour
rNeg   . . .     SustAt   .     q - +0 buckler
rPois  .         Gourm    .     c - +0 helmet
rElec  .         Spirit   .     m - +1 cloak
rCorr  .         Warding  .     (no gloves)
rMut   .         Stasis   .     (no boots)
MR     .....                    (no amulet)
Stlth  +.........               (no ring)
                                (no ring)

@: lethally poisoned (0 -> -12), flying, very slightly contaminated, hasted,
invisible, very quick, not resistant to hostile enchantments, very unstealthy
A: change form in water, swift swim
a: no special abilities


You were on level 3 of the Dungeon.
You were hungry.

You visited 1 branch of the dungeon, and saw 3 of its levels.

You collected 133 gold pieces.

Inventory:

Hand weapons
 a - a +0 trident (weapon)
Missiles
 e - 2 throwing nets (quivered)
Armour
 b - a +0 leather armour (worn)
 c - a +0 helmet (worn)
 m - a +1 cloak (worn)
 q - a +0 buckler (worn)
Scrolls
 f - 3 scrolls of remove curse {unknown}
 j - 5 scrolls of teleportation {unknown}
 n - 2 scrolls of identify {unknown}
 p - a scroll of enchant armour {unknown}
Potions
 g - a potion of magic {unknown}
 h - a potion of degeneration {unknown}
 k - a potion of flight
Comestibles
 d - 5 bread rations
 l - 2 meat rations


   Skills:
 - Level 2.1 Fighting
 + Level 10.7 Polearms
 - Level 2.0 Throwing
 - Level 4.0 Dodging
 + Level 1.3 Shields


You had 6 spell levels left.
You didn't know any spells.

Dungeon Overview and Level Annotations

Branches:
Dungeon (3/15)

Altars:


Message History

It was a potion of flight.
You feel very buoyant.
You fly up into the air.
* * * LOW HITPOINT WARNING * * *
You feel sick. You block urechis's ghost's attack.
You puncture urechis's ghost!
You destroy urechis's ghost!
Your Shields skill increases to level 1!
You have reached level 7!
* * * LOW HITPOINT WARNING * * *
You feel sick.
Drink which item? (? for menu, Esc to quit)
It was a potion of haste.
You feel yourself speed up.
* * * LOW HITPOINT WARNING * * *
You feel sick.
You are very lightly contaminated with residual magic.
Drink which item? (? for menu, Esc to quit)
It was a potion of invisibility.
You fade into invisibility!
You die...

#.####..######.## ..
#.####............# #.#
...............#..# #.#
..............##..##.# #.#
.......#.####.##..##.# #.#
.......#.# #.##..##.# #.##
......##.####)##.[##.# ####...
......##.......#..##.# #......
......#######..#@....# #.##.##
##.##.#
#.......(....######.##.#
#.##.###.###<.##..<...........#
#.##.#........####.#######.####
#.##.#........# #.# #[#
#.##.#........####.# #.#
#.##.#.............# #.#
#.##..........###### #.#####
#..)..........# #.#...#


There were no monsters in sight!

Vanquished Creatures
  Grinder (D:3)
  The ghost of urechis the Poker, an average MfGl (D:3)
  Crazy Yiuf (D:2)
  Ijyb (D:2)
  Jessica (D:2)
  2 adders (D:2)
  A worm (D:2)
  4 giant geckos
  5 bats
  11 hobgoblins
  12 kobolds
  4 giant cockroaches
  2 giant newts
  16 goblins
  6 jackals
  6 rats
74 creatures vanquished.

Notes
Turn   | Place    | Note
--------------------------------------------------------------
     0 | D:1      | urechis the Merfolk Gladiator began the quest for the Orb.
     0 | D:1      | Reached XP level 1. HP: 16/16 MP: 1/1
   117 | D:1      | Reached skill level 5 in Polearms
   120 | D:1      | Reached XP level 2. HP: 19/22 MP: 2/2
   435 | D:1      | Reached skill level 6 in Polearms
   435 | D:1      | Reached XP level 3. HP: 22/27 MP: 3/3
   670 | D:2      | Noticed Ijyb
   691 | D:2      | Killed Ijyb
   691 | D:2      | Reached skill level 7 in Polearms
   691 | D:2      | Reached XP level 4. HP: 4/33 MP: 4/4
   692 | D:2      | HP: 1/33 [giant gecko (1)]
  1351 | D:2      | Noticed Crazy Yiuf
  1361 | D:2      | Killed Crazy Yiuf
  1361 | D:2      | Reached skill level 8 in Polearms
  1361 | D:2      | Reached XP level 5. HP: 38/38 MP: 5/5
  1482 | D:2      | Noticed Jessica
  1487 | D:2      | Killed Jessica
  1674 | D:3      | Noticed Grinder
  1721 | D:3      | Killed Grinder
  1721 | D:3      | Reached skill level 10 in Polearms
  1721 | D:3      | Reached XP level 6. HP: 31/44 MP: 6/6
  1945 | D:3      | Noticed urechis's ghost (average MfGl)
  1977 | D:3      | HP: 2/44 [poisoned by urechis's ghost]
  1978 | D:3      | Killed urechis's ghost
  1978 | D:3      | Reached skill level 1 in Shields
  1978 | D:3      | Reached XP level 7. HP: 2/50 MP: 7/7
  1980 | D:3      | Succumbed to urechis's ghost's poison

Vault maps used:
D:1:      dpeg_arrival_round_b, minivault_19, minmay_liquid_box,
          corexii_leaking_fountain, serial_bayou_pond_b
D:2:      kennysheep_the_goblin_king, uniq_jessica, uniq_iyjb,
          uniq_crazy_yiuf_cottage
D:3:      uniq_grinder

Action                   |  1- 3 |  4- 6 |  7- 9 || total
-------------------------+-------+-------+-------++-------
Melee: Trident           |   133 |   147 |       ||   280
Throw: Throwing net      |       |     1 |       ||     1
  Use: Potion            |       |     4 |     2 ||     6
 Stab: Held in net/web   |       |     2 |       ||     2
       Distracted        |       |     1 |       ||     1
  Eat: Chunk             |       |     3 |       ||     3
